 Dungeon Crawl Stone Soup version 0.25-a0-565-g8875c97ebb (webtiles) character file.

Game seed: 8184722554779503939, levelgen mode: deterministic

270996 Flugslaktarn the Severer (level 19, -41/204 HPs)
             Began as a Deep Dwarf Fighter on Feb 26, 2020.
             Was the Champion of Makhleb.
             Killed from afar by a titan (58 damage)
             ... with a bolt of lightning
             ... on level 5 of the Vaults.
             The game lasted 00:19:30 (17965 turns).

Flugslaktarn the Severer (Deep Dwarf Fighter)      Turns: 17965, Time: 00:19:31

Health: -41/204    AC: 33    Str: 33 (34) XL:     19   Next: 44%
Magic:  16/16      EV: 12    Int: 10      God:    Makhleb [******]
Gold:   685        SH:  6    Dex: 15 (16) Spells: 18/18 levels left

rFire    . . .     SeeInvis .   C - +7 battleaxe (elec)
rCold    . . .     Gourm    .   (shield currently unavailable)
rNeg     + . .     Faith    .   R - +10 plate armour of Diuj {Dex+4}
rPois    +         Spirit   .   D - +2 helmet
rElec    .         Reflect  +   Z - +0 cloak {rPois}
rCorr    .         Harm     .   I - +2 pair of gloves
MR       ++...                  (no boots)
Stlth    ..........             X - +6 amulet of reflection
HPRegen  0.00/turn              y - ring "Nuaheob" {rPois Str+7}
MPRegen  0.15/turn              v - +3 ring of evasion

@: lethally poisoned (-41 -> -41), corroded, non-regenerating, studying Shields
A: damage resistance, heal wounds, deterioration 1, negative energy resistance
1, sense surroundings 3, robust 1, screaming 1, no regeneration
}: 2/15 runes: serpentine, barnacled
a: Heal Wounds, Minor Destruction, Lesser Servant of Makhleb, Major Destruction,
Greater Servant of Makhleb, Renounce Religion


You were on level 5 of the Vaults.
You worshipped Makhleb.
Makhleb was exalted by your worship.
You were very hungry.

You visited 6 branches of the dungeon, and saw 32 of its levels.
You also visited: Bailey and Gauntlet.

You collected 1428 gold pieces.
You spent 743 gold pieces at shops.

Inventory:

Hand Weapons
 C - a +7 battleaxe of electrocution (weapon)
   (You took it off a wight on level 11 of the Dungeon)
 E - the +2 battleaxe of the Cup {vorpal, Int+5}
   (You found it on level 7 of the Dungeon)

   It inflicts extra damage upon your enemies.
   It affects your intelligence (+5).
 N - a cursed +5 battleaxe
   (You took it off a wight on level 14 of the Dungeon)
 V - a +0 broad axe
   (You took it off an orc warrior in a bailey)
Missiles
 O - 5 throwing nets (quivered)
Armour
 c - a +0 kite shield
 n - a +0 plate armour
   (You found it on level 8 of the Dungeon)
 D - a +2 helmet (worn)
   (You found it on level 9 of the Dungeon)
 I - a +2 pair of gloves (worn)
   (You found it on level 10 of the Dungeon)
 R - the +10 plate armour of Diuj (worn) {Dex+4}
   (You found it on level 1 of the Shoals)

   It affects your dexterity (+4).
   If you remove this armour, your AC will decrease by 28 (33 -> 5).
 U - the +0 cloak "Ovuas" {+Fly Dex+5}
   (You found it in a Gauntlet)

   It affects your dexterity (+5).
   It lets you fly.
   If you switch to wearing this armour, your AC will remain unchanged.
 W - a scarf of repulsion
   (You found it in a Gauntlet)
 Z - a +0 cloak of poison resistance (worn)
   (You found it on level 5 of the Vaults)
Jewellery
 a - the ring "Xirulust" {rF+ rC- rN+ Str+2}
   (You found it on level 2 of the Snake Pit)

   [ring of positive energy]

   It affects your strength (+2).
   It protects you from fire.
   It makes you vulnerable to cold.
   It protects you from negative energy.
 d - the ring of Kuhorury {*Drain rPois Str+7 Int+4 SInv, unknown}
   (You found it on level 5 of the Vaults)

   [ring of see invisible]

   It affects your strength (+7).
   It affects your intelligence (+4).
   It protects you from poison.
   It lets you see invisible.
   It causes draining when unequipped.
 k - an uncursed ring of resist corrosion
   (You found it on level 9 of the Dungeon)
 m - an uncursed ring of protection from magic
   (You found it on level 11 of the Dungeon)
 p - a +2 ring of protection
   (You found it on level 2 of the Vaults)
 v - a +3 ring of evasion (right hand)
   (You found it on level 4 of the Vaults)
 y - the ring "Nuaheob" (left hand) {rPois Str+7}
   (You found it in a bailey)

   [ring of poison resistance]

   It affects your strength (+7).
   It protects you from poison.
 X - a +6 amulet of reflection (around neck)
   (You found it on level 4 of the Shoals)
Wands
 b - a wand of iceblast (2)
   (You found it on level 8 of the Dungeon)
 f - a wand of clouds (8)
   (You found it on level 13 of the Dungeon)
 A - a wand of paralysis (15)
   (You took it off a crimson imp on level 11 of the Dungeon)
 L - a wand of acid (22)
   (You found it on level 12 of the Dungeon)
 P - a wand of scattershot (5)
   (You found it on level 15 of the Dungeon)
Scrolls
 j - 5 scrolls of fear
 l - 2 scrolls of magic mapping
 r - a scroll of identify
 s - a scroll of fog
 t - 8 scrolls of teleportation
 z - 3 scrolls of blinking
 F - 2 scrolls of vulnerability
 H - 2 scrolls of silence
 J - 3 scrolls of enchant armour
 S - a scroll of summoning
 Y - 13 scrolls of remove curse
Potions
 g - 5 potions of stabbing
 h - 5 potions of mutation
 i - 3 potions of lignification
 q - 6 potions of curing
 u - 4 potions of magic
 w - 3 potions of heal wounds
 x - 2 potions of flight
 B - a potion of invisibility
 G - 2 potions of berserk rage
 K - a potion of haste {unknown}
 M - a potion of cancellation {unknown}
 T - 3 potions of brilliance
Books
 Q - a manual of Shields
   (You found it in a Gauntlet)
Comestibles
 e - 37 rations


   Skills:
 + Level 15.4 Fighting
 - Level 20.0 Axes
 + Level 17.9 Armour
 - Level 7.1 Shields
 + Level 20.0 Invocations


You had 18 spell levels left.
You didn't know any spells.
Your spell library was empty.

Dungeon Overview and Level Annotations

Branches:
Dungeon (15/15)            Temple (1/1) D:5            Lair (3/6) D:11
 Shoals (4/4) Lair:3        Snake (4/4) Lair:3          Orc (0/2) D:12
 Vaults (5/5) D:14         Depths (0/5) D:15         Bailey (visited)
Gauntlet (visited)
  Crypt: Vaults:2-3

Altars:
Ashenzari
Cheibriados
Dithmenos
Fedhas
Gozag
Kikubaaqudgha
Makhleb
Nemelex Xobeh
Ru
Trog
Uskayaw
Vehumet
Wu Jian
Yredelemnul
Zin
The Shining One

Shops:
D:4 ?   D:11 *   D:13 *   D:14 !(   Shoals:4 %   Snake:2 =   Vaults:4 ?

Annotations:
Snake:2 Roxanne


Innate Abilities, Weirdness & Mutations

You are resistant to damage.
You can heal yourself by infusing magical energy.
You resist negative energy. (rN+)
You passively map a large area around you.
You do not regenerate.
Your body sometimes deteriorates upon taking damage.
You are robust. (+10% HP)
You occasionally shout uncontrollably at your foes.


Message History

The bolt of lightning hits the shock serpent.
The shock serpent completely resists.
The bolt of lightning misses you. The shock serpent bites you!
The shock serpent shocks you!
* * * LOW HITPOINT WARNING * * *
You slash the shock serpent!
The shock serpent is almost dead.
The shock serpent's electric aura discharges, shocking you!
* * * LOW HITPOINT WARNING * * *
The titan casts a spell at you.
The bolt of lightning hits the shock serpent.
The shock serpent completely resists.
The bolt of lightning hits you!!!
* * * LOW HITPOINT WARNING * * *
Your body deteriorates!
You feel weakened.
The shock serpent bites you but does no damage.
The titan casts a spell at you.
The bolt of lightning hits the titan.
The titan completely resists.
The bolt of lightning hits the titan.
The titan completely resists.
The bolt of lightning hits the shock serpent.
The shock serpent completely resists.
The bolt of lightning hits you!!!
You die...

,, ,,
*#####.[..)).# ,
, , ###(...).)##
,* ,,
##.)(....[##
##..(......# , *
, ##........$##
,# *#[......($##
, #. ,
##|......}##*, ,
#.. ##|.....).##
#...##@......###*
, ,#.CCCS.....###
, ** *,
#..####+#### ,,
*, # * , * * * ,
,, , * , * * , ,
* , , , , , , ,
** * ** , ,, ,
,,,


You could see 3 titans and a shock serpent.

Vanquished Creatures
  Bai Suzhen (Shoals:4)
  Frederick (Vaults:2)
  Nikola (Shoals:3)
  2 sphinxes
  2 tengu reavers (Vaults:5)
  6 nagarajas
  A fire giant (Vaults:4)
  Aizul (Vaults:4)
  3 draconian knights (Vaults:4)
  4 vault wardens
  An ironheart preserver (Vaults:3)
  An entropy weaver (Vaults:5)
  A vampire knight (Vaults:4)
  A reaper (Gauntlet)
  3 stone giants
  A deep elf demonologist (Vaults:2)
  A deep elf annihilator (Vaults:5)
  A minotaur (Gauntlet)
  3 ettins
  2 fire dragons (Vaults:4)
  Josephine (D:11)
  A great orb of eyes (Vaults:2)
  5 merfolk impalers
  An ice dragon (Vaults:4)
  3 yaktaur captains
  16 vault guards (Vaults:5)
  A rakshasa (Vaults:1)
  15 naga warriors
  2 hydras (Lair:3)
  A merfolk aquamancer (Shoals:4)
  10 anacondas
  A queen ant (D:11)
  16 two-headed ogres
  4 ogre magi
  4 satyrs
  7 centaur warriors
  6 naga sharpshooters
  12 shock serpents
  2 deep elf knights (Vaults:1)
  Nergalle (D:12)
  A shadow wraith (Vaults:2)
  4 sea snakes
  5 wizards
  6 unseen horrors
  5 naga ritualists
  Pikel (D:5)
  5 salamander mystics
  6 orc knights
  30 harpies
  4 lindwurms (Snake:4)
  6 mana vipers
  8 ironbrand convokers
  A glowing orange brain (Vaults:1)
  3 wolf spiders
  A necromancer (Vaults:4)
  2 orc sorcerers (Vaults:4)
  6 deep elf magi
  10 cyclopes
  26 ugly things
  10 manticores
  7 salamanders
  23 fauns
  9 guardian serpents
  5 merfolk sirens
  4 water nymphs
  A guardian serpent (shapeshifter) (D:14)
  6 elephants (Lair:3)
  15 naga magi
  6 vault sentinels
  20 black mambas
  2 gargoyles
  6 spiny frogs
  2 centaur skeletons
  A kobold demonologist (D:13)
  A human zombie (Vaults:4)
  An efreet (D:12)
  15 yaktaurs
  A rime drake (Lair:3)
  A yaktaur skeleton (Vaults:4)
  A freezing wraith (Vaults:3)
  4 komodo dragons
  A minotaur zombie (Gauntlet)
  A human skeleton (Vaults:4)
  2 jumping spiders (shapeshifter)
  16 merfolk
  A hornet (D:8)
  2 wind drakes (Shoals:4)
  6 trolls
  Prince Ribbit (D:6)
  7 hippogriffs
  7 snapping turtles
  7 slime creatures
  4 dream sheep (Shoals:4)
  A centaur simulacrum (D:15)
  An ettin skeleton (Vaults:4)
  2 water elementals (Shoals:4)
  29 yaks
  2 wyverns
  Eustachio (D:5)
  8 wraiths
  3 hogs (D:8)
  3 hungry ghosts
  A human (D:8)
  A basilisk (D:11)
  A yaktaur simulacrum (Vaults:4)
  2 steam dragons
  9 vampire mosquitoes
  3 swamp worms (Gauntlet)
  A warg (D:15)
  7 soldier ants
  An acid dragon (D:13)
  29 nagas
  5 water moccasins
  3 porcupines
  4 sky beasts
  2 eyes of draining
  3 slaves (D:5)
  A hornet zombie (D:10)
  11 orc warriors
  3 ice beasts
  2 phantoms
  20 wolves
  13 ogres
  2 necrophages
  24 centaurs
  9 crocodiles
  3 big kobolds
  11 bullfrogs
  A water moccasin zombie (D:9)
  7 scorpions
  8 killer bees
  An elf simulacrum (Vaults:1)
  2 electric eels (Snake:2)
  18 wights
  11 crimson imps
  3 centaur zombies
  A bullfrog zombie (D:11)
  8 hounds
  A quasit (D:14)
  5 jellies
  Crazy Yiuf (D:5)
  5 bullfrog skeletons
  10 orc priests
  4 iguanas
  10 orc wizards
  33 worker ants
  2 hound zombies
  2 hound skeletons
  A howler monkey zombie (D:10)
  6 gnolls
  14 adders
  11 shadow imps
  2 white imps (Gauntlet)
  An ooze (D:4)
  2 adder zombies
  4 worms
  4 leopard geckos
  60 orcs
  3 bats
  2 giant cockroaches
  4 goblins
  A hobgoblin (D:3)
  13 jackals
  4 quokkas
  A frilled lizard (D:2)
  16 kobolds
  A quokka skeleton (D:6)
  3 rats
  13 plants
992 creatures vanquished.

Vanquished Creatures (collateral kills)
  Fannar (D:10)
  A hydra (D:13)
  A hippogriff (D:10)
  An acid dragon (D:13)
  An ice beast (D:10)
  An orc priest (D:13)
6 creatures vanquished.

Vanquished Creatures (others)
  A merfolk javelineer (Shoals:3)
  A merfolk impaler (Shoals:3)
  2 satyrs (Shoals:4)
  A harpy (Shoals:3)
  A manticore (Shoals:3)
  2 fauns
  A merfolk siren (Shoals:4)
  A black mamba (Snake:3)
  A yaktaur (Vaults:3)
  2 merfolk (Shoals:3)
  4 fungi
  53 plants
  8 withered plants (Gauntlet)
78 creatures vanquished.

Grand Total: 1076 creatures vanquished

Notes
Turn   | Place    | Note
-------+----------+-------------------------------------------
     0 | D:1      | Flugslaktarn the Deep Dwarf Fighter began the quest for the
                  | Orb.
     0 | D:1      | Reached XP level 1. HP: 20/20 MP: 1/1
    51 | D:2      | Reached XP level 2. HP: 17/27 MP: 2/2
    95 | D:2      | Found a shadowy altar of Dithmenos.
   202 | D:4      | Reached XP level 3. HP: 18/34 MP: 3/3
   263 | D:4      | Reached XP level 4. HP: 36/42 MP: 4/4
   369 | D:4      | Noticed a phantom
   418 | D:4      | Killed a phantom
   418 | D:4      | Reached XP level 5. HP: 38/49 MP: 5/5
   422 | D:4      | Found Nefy's Magic Scroll Boutique.
   430 | D:4      | Bought a scroll of fear for 38 gold pieces
   437 | D:4      | Noticed a centaur
   446 | D:4      | Killed a centaur
   446 | D:4      | Reached XP level 6. HP: 25/56 MP: 6/6
   541 | D:4      | Reached skill level 5 in Axes
   591 | D:4      | Found a radiant altar of Vehumet.
   974 | D:4      | Reached XP level 7. HP: 43/64 MP: 6/6
  1162 | D:5      | Entered Level 5 of the Dungeon
  1162 | D:5      | Found a staircase to the Ecumenical Temple.
  1178 | D:5      | Noticed Eustachio
  1239 | D:5      | Killed Eustachio
  1239 | D:5      | Reached skill level 5 in Armour
  1239 | D:5      | Reached skill level 5 in Shields
  1248 | Temple   | Entered the Ecumenical Temple
  1408 | Temple   | Became a worshipper of Makhleb the Destroyer
  1600 | D:5      | Noticed Pikel
  1620 | D:5      | Killed Pikel
  1620 | D:5      | Reached XP level 8. HP: 53/73 MP: 6/8
  1824 | D:5      | Found a runed translucent door.
  1825 | D:5      | Noticed Crazy Yiuf
  1835 | D:5      | Killed Crazy Yiuf
  1873 | D:5      | Reached skill level 5 in Fighting
  2349 | D:6      | Noticed Prince Ribbit
  2365 | D:6      | Killed Prince Ribbit
  2404 | D:6      | Gained mutation: You passively map the area around you.
                  | [Deep Dwarf growth]
  2404 | D:6      | Reached XP level 9. HP: 35/81 MP: 10/10
  2426 | D:6      | Found a sparkling altar of Nemelex Xobeh.
  2492 | D:6      | Reached * piety under Makhleb
  2519 | D:6      | Found a snail-covered altar of Cheibriados.
  3038 | D:6      | Reached skill level 5 in Invocations
  3332 | D:7      | Reached ** piety under Makhleb
  3408 | D:7      | Got a shimmering battleaxe
  3414 | D:7      | Identified the +2 battleaxe of the Cup {vorpal, Int+5} (You
                  | found it on level 7 of the Dungeon)
  3543 | D:7      | Found a blossoming altar of Fedhas.
  3789 | D:8      | Reached XP level 10. HP: 62/91 MP: 12/12
  3790 | D:8      | Reached skill level 10 in Axes
  4048 | D:8      | Found an ornate altar of the Wu Jian Council.
  4157 | D:8      | Noticed a moth of wrath
  4160 | D:8      | Found a bloodstained altar of Trog.
  4194 | D:8      | Found a flagged portal.
  4206 | Bailey   | Entered a bailey
  4257 | Bailey   | Found a burning altar of Makhleb.
  4268 | Bailey   | Reached *** piety under Makhleb
  4295 | Bailey   | Got a translucent amber ring
  4296 | Bailey   | Identified the ring "Nuaheob" {rPois Str+7} (You found it
                  | in a bailey)
  4559 | D:9      | Found an opulent altar of Gozag.
  5166 | D:10     | Entered Level 10 of the Dungeon
  5193 | D:10     | Noticed a two-headed ogre
  5203 | D:10     | Killed a two-headed ogre
  5250 | D:10     | Noticed a two-headed ogre
  5257 | D:10     | Killed a two-headed ogre
  5265 | D:10     | Noticed a gargoyle
  5271 | D:10     | Reached **** piety under Makhleb
  5278 | D:10     | Killed a gargoyle
  5278 | D:10     | Reached XP level 11. HP: 90/99 MP: 13/13
  5343 | D:10     | Noticed Fannar
  5374 | D:10     | HP: 4/100 [Fannar/uncursed staff of cold (11)]
  5385 | D:10     | Killed Fannar
  5422 | D:10     | Found a bloodstained altar of Trog.
  5911 | D:11     | Found a staircase to the Lair.
  6093 | D:11     | Noticed a red ugly thing
  6111 | D:11     | Killed a red ugly thing
  6219 | D:11     | Noticed a queen ant
  6236 | D:11     | Killed a queen ant
  6251 | D:11     | Reached ***** piety under Makhleb
  6453 | D:11     | Noticed Josephine
  6465 | D:11     | Killed Josephine
  6465 | D:11     | Reached skill level 10 in Armour
  6465 | D:11     | Reached skill level 10 in Invocations
  6473 | D:11     | Reached XP level 12. HP: 81/112 MP: 11/11
  6500 | D:11     | Found Oqukao's Assorted Antiques.
  6508 | D:11     | Bought an ancient brass ring for 130 gold pieces
  6508 | D:11     | Bought a sapphire potion for 23 gold pieces
  6508 | D:11     | Bought a scroll labeled ESSOIHEOPS for 26 gold pieces
  6508 | D:11     | Bought a scroll of identify for 52 gold pieces
  6508 | D:11     | Bought a scroll of identify for 52 gold pieces
  6512 | D:11     | Identified the ring of Equilibrium {Wiz *Corrode MR+ Int+4}
                  | (You bought it in a shop on level 11 of the Dungeon)
  6748 | D:11     | You fall into a shaft and drop 1 floor!
  7243 | D:12     | Noticed Nergalle
  7257 | D:12     | Killed Nergalle
  7358 | D:12     | Found a staircase to the Orcish Mines.
  7429 | D:12     | Found a glowing golden altar of the Shining One.
  7510 | D:13     | Reached ****** piety under Makhleb
  7555 | D:13     | Noticed a two-headed ogre
  7563 | D:13     | Killed a two-headed ogre
  7656 | D:13     | Noticed a centaur warrior
  7663 | D:13     | Killed a centaur warrior
  7695 | D:13     | Found Caunueq's General Store.
  7721 | D:13     | Bought a scroll of enchant weapon for 120 gold pieces
  7724 | D:13     | Noticed a four-headed hydra
  7743 | D:13     | Killed a four-headed hydra
  7775 | D:13     | Noticed a two-headed ogre
  7778 | D:13     | Killed a two-headed ogre
  7778 | D:13     | Reached XP level 13. HP: 89/121 MP: 13/13
  8429 | D:14     | Reached skill level 15 in Axes
  8640 | D:14     | Found Daleots's Distillery.
  8678 | D:14     | Reached skill level 10 in Fighting
  8698 | D:14     | Bought a potion of mutation for 80 gold pieces
  8698 | D:14     | Bought a potion of mutation for 80 gold pieces
  8698 | D:14     | Gained mutation: You are weak. (Str -2) [potion of
                  | mutation]
  8698 | D:14     | Lost mutation: You are weak. (Str -2) [potion of mutation]
  8698 | D:14     | Gained mutation: Your magical capacity is low. (-10% MP)
                  | [potion of mutation]
  8698 | D:14     | Gained mutation: You are partially covered in yellow
                  | scales. (AC +2) [potion of mutation]
  8699 | D:14     | Lost mutation: You are partially covered in yellow scales.
                  | (AC +2) [potion of mutation]
  8699 | D:14     | Lost mutation: Your magical capacity is low. (-10% MP)
                  | [potion of mutation]
  8699 | D:14     | Gained mutation: Your body sometimes deteriorates upon
                  | taking damage. [potion of mutation]
  8699 | D:14     | Gained mutation: You occasionally shout uncontrollably at
                  | your foes. [potion of mutation]
  8699 | D:14     | Gained mutation: You are robust. (+10% HP) [potion of
                  | mutation]
  8719 | D:14     | Found a gate to the Vaults.
  8982 | D:14     | Found Doic's Antique Weapon Boutique.
  9017 | D:15     | Entered Level 15 of the Dungeon
  9340 | D:15     | Found a glowing silver altar of Zin.
  9783 | D:15     | Found a staircase to the Depths.
  9790 | D:15     | Gained mutation: You resist negative energy. (rN+) [Deep
                  | Dwarf growth]
  9790 | D:15     | Reached XP level 14. HP: 146/146 MP: 13/13
 10140 | Lair:1   | Entered Level 1 of the Lair of Beasts
 11367 | Lair:3   | Found a gate leading to a gauntlet.
 11388 | Gauntlet | Entered a Gauntlet
 11388 | Gauntlet | Found a transporter.
 11388 | Gauntlet | Found a transporter.
 11392 | Gauntlet | Found a transporter.
 11392 | Gauntlet | Found a transporter.
 11405 | Gauntlet | Found a transporter.
 11414 | Gauntlet | Found a transporter.
 11423 | Gauntlet | Noticed a reaper
 11424 | Gauntlet | Found a transporter.
 11424 | Gauntlet | Found a transporter.
 11448 | Gauntlet | Found a transporter.
 11455 | Gauntlet | Found a transporter.
 11467 | Gauntlet | Found a transporter.
 11487 | Gauntlet | Found a transporter.
 11520 | Gauntlet | Found a transporter.
 11536 | Gauntlet | Found a transporter.
 11636 | Gauntlet | Found a transporter.
 11650 | Gauntlet | Found a transporter.
 12018 | Gauntlet | Got a faintly glowing cloak
 12020 | Gauntlet | Identified the cursed +0 cloak "Ovuas" {+Fly Dex+5} (You
                  | found it in a Gauntlet)
 12052 | Gauntlet | Killed a reaper
 12067 | Gauntlet | Identified the Collected Works on Entrancing Weightlessness
 12078 | Gauntlet | Reached XP level 15. HP: 154/155 MP: 15/15
 12185 | Lair:3   | Found a staircase to the Shoals.
 12204 | Lair:3   | Found a staircase to the Snake Pit.
 12222 | Snake:1  | Entered Level 1 of the Snake Pit
 12501 | Snake:2  | Found Eluuh's Jewellery Shoppe.
 12537 | Snake:2  | Got a glittering brass ring
 12539 | Snake:2  | Identified the ring "Xirulust" {rF+ rC- rN+ Str+2} (You
                  | found it on level 2 of the Snake Pit)
 12614 | Snake:2  | Noticed a nagaraja
 12637 | Snake:2  | Killed a nagaraja
 12671 | Snake:2  | Reached XP level 16. HP: 82/165 MP: 15/15
 12735 | Snake:2  | Noticed Roxanne
 12831 | Snake:4  | Entered Level 4 of the Snake Pit
 13153 | Snake:4  | Reached skill level 15 in Invocations
 13499 | Snake:4  | Reached XP level 17. HP: 176/176 MP: 17/17
 13553 | Snake:4  | Got a serpentine rune of Zot
 13832 | Shoals:1 | Entered Level 1 of the Shoals
 13835 | Shoals:1 | Got a topaz-encrusted plate armour
 13866 | Shoals:1 | Identified the +10 plate armour of Diuj {Dex+4} (You found
                  | it on level 1 of the Shoals)
 14020 | Shoals:3 | Noticed Nikola
 14029 | Shoals:3 | Reached skill level 15 in Armour
 14157 | Shoals:3 | Killed Nikola
 14231 | Shoals:4 | Entered Level 4 of the Shoals
 14634 | Shoals:4 | Noticed Bai Suzhen
 14677 | Shoals:4 | Killed Bai Suzhen
 14763 | Shoals:4 | Found Igyurgh's Food Shop.
 14886 | Shoals:4 | Gained mutation: You passively map a large area around you.
                  | [Deep Dwarf growth]
 14886 | Shoals:4 | Reached XP level 18. HP: 189/189 MP: 16/16
 15012 | Shoals:4 | Got a barnacled rune of Zot
 15444 | Vaults:1 | Entered Level 1 of the Vaults
 16189 | Vaults:2 | Noticed Frederick
 16221 | Vaults:2 | Killed Frederick
 16392 | Vaults:2 | Noticed an Ice Fiend
 17051 | Vaults:4 | Identified the +5 hand axe of Nups {vorpal, +Inv rF+ Str+3
                  | Dex+2}
 17343 | Vaults:4 | Found Isaurchyt's Magic Scroll Boutique.
 17354 | Vaults:4 | Reached XP level 19. HP: 122/202 MP: 15/15
 17372 | Vaults:4 | Bought a scroll of enchant weapon for 142 gold pieces
 17666 | Vaults:4 | Noticed Aizul
 17681 | Vaults:4 | Killed Aizul
 17681 | Vaults:4 | Reached skill level 15 in Fighting
 17725 | Vaults:5 | Entered Level 5 of the Vaults
 17783 | Vaults:5 | Got a vibrating copper ring
 17965 | Vaults:5 | Killed from afar by a titan

Levels and vault maps discovered:
D:1:      dpeg_arrival_lava_altar, layout_basic, skrybe_limestone_x
D:2:      layout_basic, nicolae_overflow_crystal_walls, grunt_dithmenos_smoke,
          first_ration
D:3:      layout_rooms, uniq_robin
D:4:      layout_loops_corners, fiery_altar_vehumet, serial_shops, shop
D:5:      layout_cave_pools, temple_fountains, nrook_uturn,
          hangedman_decor_opposing, uniq_eustachio, uniq_pikel,
          uniq_crazy_yiuf_cottage
D:6:      layout_basic, lemuel_crystal_altar, chequers_serial_rivers_micro_c,
          nemelex_spade_bored_becter, uniq_prince_ribbit1
D:7:      layout_loops_cross, fedhas_altar_1
D:8:      layout_cave_pools, tgw_trog, lemuel_round_altar, enter_bailey_7,
          grunt_livestock
D:9:      layout_loops_corners, grunt_gozag_statues
D:10:     layout_loops_ring, basic_altar, chequers_serial_rivers_micro_c,
          uniq_fannar
D:11:     layout_loops_ring, erik_lair_dragon, serial_shops, shop,
          minmay_another_anthill, uniq_josephine
D:12:     layout_roguey, orc_0_dummy, minmay_misc_feat_tower,
          nicolae_tso_swordbearing_angel, uniq_nergalle
D:13:     layout_irregular_city, serial_shops, shop
D:14:     layout_loops_ring, david_vaults_2, serial_shops, shop,
          kennysheep_mini, minmay_staircase_windowed_small, st_stairs_14,
          minmay_quadrilaterals
D:15:     grunt_enter_depths_magical_seal, layout_grid_maze, basic_altar
Temple:   regret_index_temple_generic_petals
Lair:1:   layout_cave_pods, uniq_harold, uniq_gastronok
Lair:2:   layout_regular_city, lemuel_fruit_fields
Lair:3:   layout_misc_corridors, minmay_shoals_entry_centaurs,
          dummy_snake_entry, gauntlet_entry_generic
Shoals:1: layout_shoals
Shoals:2: layout_shoals, ldierk_geyser, uniq_polyphemus
Shoals:3: layout_shoals, uniq_nikola, uniq_mara
Shoals:4: shoals_end_grunt_garden, layout_shoals, serial_shops, shop,
          uniq_bai_suzhen
Snake:1:  layout_cave_pods
Snake:2:  layout_rooms, serial_shops, shop_statue, serial_bayou_shore_a,
          minmay_shop_grove, uniq_roxanne
Snake:3:  layout_chambers, st_stairs_6, grunt_ministairs_15, uniq_louise
Snake:4:  snake_pit_salamanders_mu, layout_cave_town
Vaults:1: ontoclasm_vaults_hangar, vaults_mumra_minichess, vaults_mumra_lcd,
          v_misc_16, v_misc_17, v_alt_pattern_1,
          nicolae_vaults_little_squares_6, vaults_dpeg_diagonal,
          layout_vaults_chaotic_city
Vaults:2: v_rooms_2, vaults_room_door_hall, nicolae_vaults_network_periphery,
          v_pattern_5, ontoclasm_vaults_shuriken,
          nicolae_vaults_windows_and_doors_thing, minmay_crypt_entry_necro_gods,
          ontoclasm_vaults_loading_screen, ontoclasm_vaults_ligature,
          layout_vaults_quadrants, uniq_frederick
Vaults:3: v_misc_5, vaults_dpeg_hooks, nicolae_vaults_little_squares_4,
          nicolae_vaults_little_squares_5, v_pattern_2,
          nicolae_vaults_little_squares_4, ontoclasm_vaults_misaligned,
          nicolae_vaults_little_squares_4, nicolae_vaults_big_ls,
          hangedman_vaults_river_flow, v_misc_24,
          vaults_mumra_minichess_inversion, grunt_vaults_focal,
          ontoclasm_vaults_decontamination, layout_vaults_ring, serial_shops,
          nicolae_shop_behind_doors
Vaults:4: ontoclasm_vaults_fault, vaults_room_boxed, v_misc_29,
          nicolae_vaults_hallways_thing, nicolae_vaults_circle_grid_b,
          v_misc_15, hangedman_vaults_stretched_pinwheel, v_misc_17,
          sword_in_stone, vaults_mumra_chevron_long,
          hangedman_vaults_variations, ontoclasm_vaults_tryst,
          vaults_room_mumra_shop_pool, layout_vaults_omnibox, uniq_aizul
Vaults:5: uniq_xtahua

Skill      XL: |  1  2  3  4  5  6  7  8  9 10 11 12 13 14 15 16 17 18 19 |
---------------+----------------------------------------------------------+-----
Fighting       | 3 4 5 6 7 8 9 10 11 12 13 14 15 | 15.4
Axes           | 3 4 5 7 8 9 11 13 14 16 17 18 19 20 | 20.0
Shields        | 4 5 6 7 |  7.1
Armour         | 4 5 6 7 8 10 11 12 13 14 15 17 | 17.9
Invocations    | 2 4 6 8 10 11 13 14 15 17 19 20 | 20.0

Action                   |  1- 3 |  4- 6 |  7- 9 | 10-12 | 13-15 | 16-18 | 19-21 || total
-------------------------+-------+-------+-------+-------+-------+-------+-------++-------
Melee: War axe           |    73 |   176 |   355 |       |       |       |       ||   604
       Battleaxe         |       |       |    61 |   559 |   596 |  1127 |   156 ||  2499
Invok: Lesser Servant of |       |       |       |     4 |     1 |     1 |       ||     6
 Abil: Heal Wounds       |     2 |     5 |    13 |    23 |    12 |    33 |     1 ||    89
Evoke: Wand              |       |       |       |       |       |     2 |       ||     2
  Use: Scroll            |       |     2 |     9 |    12 |    12 |     4 |     3 ||    42
       Potion            |       |       |       |       |     4 |     2 |       ||     6
 Stab: Distracted        |       |       |       |       |       |     1 |       ||     1
  Eat: Chunk             |       |     1 |    10 |    16 |    12 |    14 |     1 ||    54
       Ration            |       |       |       |     1 |     1 |     1 |       ||     3
Armor: Scale mail        |    29 |    74 |   180 |       |       |       |       ||   283
       Chain mail        |       |       |   116 |     8 |       |       |       ||   124
       Plate armour      |       |       |       |   519 |   515 |   963 |    94 ||  2091
Dodge: Dodged            |    31 |    28 |   178 |   352 |   261 |   477 |    48 ||  1375
       Deflected         |       |       |       |       |     2 |   116 |     7 ||   125
Block: Kite shield       |    53 |    88 |   232 |       |       |       |       ||   373
       Other             |       |       |       |       |     8 |   269 |    27 ||   304
       Reflection        |       |       |       |       |       |    36 |     2 ||    38

Table legend:
 A = Non-vault XP
 B = Vault XP
 C = Vault XP percentage of total XP
 D = Non-vault monster count
 E = Vault monster count
 F = Vault count percentage of total count
                 A         B        C        D         E       F
            +---------+---------+-------+---------+---------+-------
      Total |  210295 |  163225 |  43.7 |     731 |     260 |  26.2
            +---------+---------+-------+---------+---------+-------
        D:1 |       4 |       0 |   0.0 |       2 |       0 |   0.0
        D:2 |      19 |       0 |   0.0 |       5 |       0 |   0.0
        D:3 |       5 |       0 |   0.0 |       3 |       0 |   0.0
        D:4 |     721 |       0 |   0.0 |      27 |       0 |   0.0
        D:5 |     546 |     927 |  62.9 |      24 |       3 |  11.1
        D:6 |    1187 |     274 |  18.8 |      26 |       1 |   3.7
        D:7 |     948 |       0 |   0.0 |      21 |       0 |   0.0
        D:8 |     911 |    1033 |  53.1 |      21 |      14 |  40.0
        D:9 |     805 |       0 |   0.0 |      13 |       0 |   0.0
       D:10 |    5147 |     703 |  12.0 |      46 |       1 |   2.1
       D:11 |    4394 |    5301 |  54.7 |      30 |      38 |  55.9
       D:12 |    7278 |     792 |   9.8 |      51 |       1 |   1.9
       D:13 |    9775 |       0 |   0.0 |      48 |       0 |   0.0
       D:14 |    7084 |    3150 |  30.8 |      24 |      11 |  31.4
       D:15 |   10753 |    8160 |  43.1 |      30 |      12 |  28.6
     Lair:1 |    2053 |       0 |   0.0 |      16 |       0 |   0.0
     Lair:2 |    4804 |       0 |   0.0 |      24 |       0 |   0.0
     Lair:3 |   10660 |     559 |   5.0 |      37 |       5 |  11.9
   Shoals:1 |   12857 |       0 |   0.0 |      22 |       0 |   0.0
   Shoals:2 |    1060 |       0 |   0.0 |       1 |       0 |   0.0
   Shoals:3 |   10894 |    3720 |  25.5 |      25 |       1 |   3.8
   Shoals:4 |   22572 |   18802 |  45.4 |      46 |      28 |  37.8
    Snake:1 |    3859 |       0 |   0.0 |       7 |       0 |   0.0
    Snake:2 |   16261 |       0 |   0.0 |      27 |       0 |   0.0
    Snake:3 |    6921 |     940 |  12.0 |      17 |       2 |  10.5
    Snake:4 |   16489 |   48139 |  74.5 |      33 |      67 |  67.0
   Vaults:1 |   10889 |    2897 |  21.0 |      29 |       5 |  14.7
   Vaults:2 |   12171 |   12802 |  51.3 |      17 |      10 |  37.0
   Vaults:3 |    9663 |       0 |   0.0 |      18 |       0 |   0.0
   Vaults:4 |   15554 |   18946 |  54.9 |      36 |      17 |  32.1
   Vaults:5 |    4011 |   31413 |  88.7 |       5 |      27 |  84.4
     Bailey |       0 |     544 | 100.0 |       0 |       6 | 100.0
   Gauntlet |       0 |    4123 | 100.0 |       0 |      11 | 100.0
            +---------+---------+-------+---------+---------+-------
